[ AOE2 MATCH · #481864692 ]
UnrankedHuns vs Franks
[ REPLAY ANALYSIS · EXTRACTED FROM THE RECORDED GAME ]
Feudal
11:04
Castle
21:49
Imperial
41:26
| APM avg | 12.7 |
| APM peak | 63 |
| eAPM avg | 8.0 |
| Villagers / military | 123 / 59 |
Focus
⚔️ 21.1% · 🌾 78.9%
Tarkan ×58 · Trade Cart ×17 · Monk ×1
Feudal
10:52
Castle
20:00
Imperial
36:16
| APM avg | 14.2 |
| APM peak | 57 |
| eAPM avg | 12.8 |
| Villagers / military | 165 / 99 |
Focus
⚔️ 31.8% · 🌾 68.2%
Knight ×81 · Throwing Axeman ×8 · Spearman ×5 · Trebuchet (Packed) ×5
Feudal
11:30
Castle
21:56
Imperial
38:08
| APM avg | 19.3 |
| APM peak | 58 |
| eAPM avg | 11.9 |
| Villagers / military | 114 / 67 |
Focus
⚔️ 28.6% · 🌾 71.4%
Longbowman ×65 · Trade Cart ×14 · Monk ×2
Feudal
11:08
Castle
21:22
Imperial
38:57
| APM avg | 16.0 |
| APM peak | 33 |
| eAPM avg | 7.4 |
| Villagers / military | 55 / 128 |
Focus
⚔️ 24.5% · 🌾 75.5%
Knight ×128 · Trade Cart ×18
Feudal
—
Castle
—
Imperial
—
| APM avg | 8.8 |
| APM peak | 26 |
| eAPM avg | 6.9 |
| Villagers / military | 96 / 56 |
Focus
⚔️ 26.4% · 🌾 73.6%
Hand Cannoneer ×39 · Trade Cart ×20 · Bombard Cannon ×10 · Monk ×7
Feudal
12:36
Castle
17:31
Imperial
—
| APM avg | 17.4 |
| APM peak | 80 |
| eAPM avg | 10.2 |
| Villagers / military | 146 / 41 |
Focus
⚔️ 13.4% · 🌾 86.6%
Janissary ×41 · Trade Cart ×10
Feudal
11:03
Castle
17:36
Imperial
30:05
| APM avg | 13.6 |
| APM peak | 38 |
| eAPM avg | 8.2 |
| Villagers / military | 57 / 55 |
Focus
⚔️ 18.0% · 🌾 82.0%
Genoese Crossbowman ×52 · Trade Cart ×10 · Trebuchet (Packed) ×2 · Monk ×1
Feudal
10:01
Castle
22:58
Imperial
—
| APM avg | 14.0 |
| APM peak | 58 |
| eAPM avg | 7.5 |
| Villagers / military | 86 / 0 |
Focus
⚔️ 4.1% · 🌾 95.9%
Match map
Initial resources + every placement click. Lines = walls · curves = elevation contours. ◆ gold · ⬟ stone · ● berries · ✦ relic · ◌ wall gap
Your base· Open — unwalled flank
XxjesulizxX's base· Open — unwalled flank
Kuo_Lo's base· Open — unwalled flank
老虎最厉害's base· Open — unwalled flank
yenepu's base· Open — unwalled flank
阿提拉's base· Open — unwalled flank
razerguy_1337's base· Open — unwalled flank
斯大林's base· Open — unwalled flank
Smoothed initial terrain · ◌ = detected wall gap · hover for details
Inputs per minute
— laodiao-9527 - - XxjesulizxX
Build order — laodiao-9527
First 150 of 240 actions detected
| 0:10 | Create | Villager (Male) |
| 0:11 | Create | Villager (Male) |
| 0:11 | Create | Villager (Male) |
| 0:11 | Create | Villager (Male) |
| 0:11 | Create | Villager (Male) |
| 1:20 | Create | Villager (Male) |
| 2:01 | Create | Villager (Male) |
| 2:01 | Create | Villager (Male) |
| 2:35 | Create | Villager (Male) |
| 2:35 | Create | Villager (Male) |
| 2:45 | Build | Mill |
| 2:49 | Create | Villager (Male) |
| 2:49 | Create | Villager (Male) |
| 2:49 | Create | Villager (Male) |
| 3:38 | Create | Villager (Male) |
| 3:59 | Create | Villager (Male) |
| 4:00 | Create | Villager (Male) |
| 4:00 | Create | Villager (Male) |
| 4:40 | Create | Villager (Male) |
| 4:40 | Create | Villager (Male) |
| 5:17 | Create | Villager (Male) |
| 5:17 | Create | Villager (Male) |
| 5:17 | Create | Villager (Male) |
| 5:17 | Create | Villager (Male) |
| 6:35 | Build | Lumber Camp |
| 7:29 | Create | Villager (Male) |
| 8:02 | Create | Villager (Male) |
| 8:24 | Create | Villager (Male) |
| 8:54 | Research | Feudal Age |
| 8:54 | Research | Feudal Age |
| 9:12 | Research | Loom |
| 9:24 | Build | Mining Camp |
| 10:26 | Build | Mining Camp |
| 11:04 | Age | Feudal Age |
| 11:11 | Research | Gold Mining |
| 11:12 | Research | Double-Bit Axe |
| 11:13 | Research | Stone Mining |
| 11:16 | Research | Horse Collar |
| 11:18 | Research | Wheelbarrow |
| 11:19 | Create | Villager (Male) |
| 11:44 | Build | Farm |
| 12:47 | Create | Villager (Male) |
| 12:48 | Create | Villager (Male) |
| 12:48 | Create | Villager (Male) |
| 13:07 | Build | Farm |
| 13:13 | Build | Farm |
| 13:30 | Create | Villager (Male) |
| 13:37 | Build | Farm |
| 13:53 | Create | Villager (Male) |
| 14:01 | Build | Farm |
| 14:27 | Build | Farm |
| 14:45 | Create | Villager (Male) |
| 14:46 | Create | Villager (Male) |
| 14:53 | Build | Farm |
| 15:17 | Build | Farm |
| 15:18 | Create | Villager (Male) |
| 15:20 | Create | Villager (Male) |
| 15:20 | Create | Villager (Male) |
| 15:21 | Create | Villager (Male) |
| 15:37 | Create | Villager (Male) |
| 15:44 | Build | Farm |
| 15:57 | Build | Blacksmith |
| 16:01 | Build | Barracks |
| 16:12 | Build | Farm |
| 16:21 | Build | Farm |
| 16:29 | Create | Villager (Male) |
| 16:34 | Build | Farm |
| 16:58 | Build | Farm |
| 17:22 | Build | Farm |
| 17:25 | Create | Villager (Male) |
| 17:26 | Create | Villager (Male) |
| 17:48 | Build | Farm |
| 17:55 | Build | Farm |
| 18:03 | Build | Stable |
| 18:25 | Create | Villager (Male) |
| 18:50 | Build | Farm |
| 18:55 | Build | Farm |
| 19:00 | Build | Farm |
| 19:03 | Build | Farm |
| 19:07 | Build | Farm |
| 19:09 | Research | Castle Age |
| 19:16 | Build | Farm |
| 19:31 | Build | Stable |
| 19:55 | Build | Market |
| 19:58 | Build | Market |
| 20:08 | Create | Villager (Male) |
| 20:18 | Build | Lumber Camp |
| 21:49 | Age | Castle Age |
| 21:51 | Research | Hand Cart |
| 22:00 | Build | Town Center |
| 22:09 | Research | Heavy Plow |
| 22:32 | Build | Castle |
| 22:43 | Create | Villager (Male) |
| 22:44 | Create | Villager (Male) |
| 22:44 | Create | Villager (Male) |
| 22:53 | Research | Bow Saw |
| 22:57 | Research | Gold Shaft Mining |
| 23:22 | Build | Farm |
| 23:31 | Create | Villager (Male) |
| 23:31 | Create | Villager (Male) |
| 23:31 | Create | Villager (Male) |
| 23:32 | Create | Villager (Male) |
| 23:32 | Create | Villager (Male) |
| 23:32 | Create | Villager (Male) |
| 23:35 | Create | Villager (Male) |
| 23:35 | Create | Villager (Male) |
| 23:36 | Create | Villager (Male) |
| 24:18 | Build | Monastery |
| 24:52 | Create | Villager (Male) |
| 24:52 | Create | Villager (Male) |
| 24:53 | Create | Villager (Male) |
| 24:53 | Create | Villager (Male) |
| 24:58 | Build | Mining Camp |
| 25:02 | Research | Forging |
| 25:02 | Research | Scale Barding Armor |
| 25:05 | Research | Bloodlines |
| 25:06 | Research | Husbandry |
| 25:41 | Build | Stone Wall |
| 25:59 | Build | Gate |
| 26:09 | Research | Marauders |
| 26:17 | Build | Lumber Camp |
| 26:18 | Create | Monk |
| 27:08 | Create | Tarkan |
| 27:09 | Create | Tarkan |
| 27:09 | Create | Tarkan |
| 27:09 | Create | Tarkan |
| 27:10 | Create | Tarkan |
| 27:28 | Build | Stone Wall |
| 28:28 | Create | Tarkan |
| 28:29 | Create | Tarkan |
| 28:29 | Create | Tarkan |
| 28:29 | Create | Tarkan |
| 28:29 | Create | Tarkan |
| 29:14 | Create | Villager (Male) |
| 29:14 | Create | Villager (Male) |
| 29:15 | Create | Villager (Male) |
| 29:15 | Create | Villager (Male) |
| 29:15 | Create | Villager (Male) |
| 29:52 | Build | Town Center |
| 30:00 | Create | Villager (Male) |
| 30:00 | Create | Villager (Male) |
| 30:00 | Create | Villager (Male) |
| 30:01 | Create | Villager (Male) |
| 30:01 | Create | Villager (Male) |
| 30:01 | Create | Villager (Male) |
| 30:02 | Create | Villager (Male) |
| 30:14 | Build | Mining Camp |
| 30:28 | Research | Caravan |
| 30:49 | Create | Trade Cart ×5 |
| 30:50 | Create | Trade Cart ×5 |
Build order — XxjesulizxX
First 150 of 428 actions detected
| 0:12 | Research | Loom |
| 0:12 | Create | Villager (Male) |
| 0:12 | Create | Villager (Male) |
| 0:15 | Build | House |
| 0:51 | Build | House |
| 0:52 | Build | House |
| 1:14 | Create | Villager (Male) |
| 1:37 | Create | Villager (Male) |
| 1:38 | Create | Villager (Male) |
| 1:38 | Create | Villager (Male) |
| 1:39 | Create | Villager (Male) |
| 2:46 | Create | Villager (Male) |
| 2:46 | Create | Villager (Male) |
| 2:46 | Create | Villager (Male) |
| 2:47 | Create | Villager (Male) |
| 3:05 | Create | Villager (Male) |
| 3:38 | Create | Villager (Male) |
| 4:05 | Create | Villager (Male) |
| 4:06 | Create | Villager (Male) |
| 4:06 | Create | Villager (Male) |
| 4:06 | Create | Villager (Male) |
| 4:31 | Build | Mill |
| 4:35 | Create | Villager (Male) |
| 4:51 | Build | Lumber Camp |
| 5:07 | Create | Villager (Male) |
| 5:07 | Create | Villager (Male) |
| 5:08 | Create | Villager (Male) |
| 5:08 | Create | Villager (Male) |
| 6:19 | Create | Villager (Male) |
| 6:19 | Create | Villager (Male) |
| 6:20 | Create | Villager (Male) |
| 6:25 | Build | House |
| 6:32 | Create | Villager (Male) |
| 6:32 | Create | Villager (Male) |
| 6:32 | Create | Villager (Male) |
| 8:06 | Create | Villager (Male) |
| 8:42 | Research | Feudal Age |
| 9:41 | Build | Mining Camp |
| 10:52 | Age | Feudal Age |
| 10:54 | Research | Wheelbarrow |
| 10:58 | Research | Double-Bit Axe |
| 11:08 | Research | Town Watch |
| 11:09 | Create | Villager (Male) |
| 11:09 | Create | Villager (Male) |
| 11:09 | Create | Villager (Male) |
| 11:09 | Create | Villager (Male) |
| 11:10 | Create | Villager (Male) |
| 11:10 | Create | Villager (Male) |
| 11:10 | Create | Villager (Male) |
| 11:10 | Create | Villager (Male) |
| 11:14 | Build | House |
| 11:34 | Build | Market |
| 11:38 | Build | Blacksmith |
| 12:37 | Build | Barracks |
| 13:25 | Build | Stone Wall |
| 13:34 | Build | Farm |
| 13:43 | Build | Farm |
| 13:47 | Build | House |
| 13:49 | Build | House |
| 13:56 | Build | Farm |
| 14:02 | Build | Farm |
| 14:05 | Build | Farm |
| 14:09 | Build | Farm |
| 14:12 | Build | Farm |
| 14:16 | Build | Farm |
| 14:23 | Create | Villager (Male) |
| 14:24 | Create | Villager (Male) |
| 14:24 | Create | Villager (Male) |
| 14:24 | Create | Villager (Male) |
| 14:24 | Create | Villager (Male) |
| 14:25 | Create | Villager (Male) |
| 14:25 | Create | Villager (Male) |
| 14:49 | Build | Farm |
| 14:55 | Build | Farm |
| 15:05 | Build | Farm |
| 15:09 | Build | Farm |
| 15:27 | Build | Stone Wall |
| 15:43 | Build | Farm |
| 15:47 | Build | Farm |
| 15:50 | Build | Farm |
| 15:55 | Build | Farm |
| 16:11 | Build | Farm |
| 16:42 | Build | Stone Wall |
| 17:20 | Research | Castle Age |
| 18:17 | Build | Stone Wall |
| 18:39 | Build | Stone Wall |
| 20:00 | Age | Castle Age |
| 20:06 | Research | Hand Cart |
| 20:13 | Build | Town Center |
| 20:35 | Build | Town Center |
| 20:59 | Create | Villager (Male) |
| 20:59 | Create | Villager (Male) |
| 21:00 | Create | Villager (Male) |
| 21:00 | Create | Villager (Male) |
| 21:00 | Create | Villager (Male) |
| 21:00 | Create | Villager (Male) |
| 21:01 | Create | Villager (Male) |
| 21:01 | Create | Villager (Male) |
| 21:01 | Create | Villager (Male) |
| 21:01 | Create | Villager (Male) |
| 21:02 | Create | Villager (Male) |
| 21:02 | Create | Villager (Male) |
| 21:02 | Create | Villager (Male) |
| 21:56 | Build | Town Center |
| 22:05 | Build | House |
| 22:07 | Build | House |
| 22:08 | Build | House |
| 22:12 | Build | House |
| 22:14 | Build | House |
| 22:15 | Build | House |
| 22:29 | Research | Bow Saw |
| 22:50 | Create | Villager (Male) |
| 22:50 | Create | Villager (Male) |
| 22:50 | Create | Villager (Male) |
| 22:51 | Create | Villager (Male) |
| 22:51 | Create | Villager (Male) |
| 22:51 | Create | Villager (Male) |
| 22:52 | Create | Villager (Male) |
| 22:52 | Create | Villager (Male) |
| 23:11 | Create | Villager (Male) |
| 23:11 | Create | Villager (Male) |
| 23:11 | Create | Villager (Male) |
| 23:12 | Create | Villager (Male) |
| 23:16 | Create | Villager (Male) |
| 23:30 | Research | Gold Mining |
| 23:48 | Research | Stone Mining |
| 24:36 | Create | Villager (Male) |
| 24:36 | Create | Villager (Male) |
| 24:36 | Create | Villager (Male) |
| 24:36 | Create | Villager (Male) |
| 24:37 | Create | Villager (Male) |
| 24:37 | Create | Villager (Male) |
| 24:48 | Build | Town Center |
| 25:06 | Build | Farm |
| 25:10 | Build | Farm |
| 25:14 | Build | Farm |
| 25:17 | Build | Farm |
| 25:20 | Build | Farm |
| 25:27 | Build | Farm |
| 25:31 | Create | Spearman |
| 25:31 | Create | Spearman |
| 25:38 | Build | Farm |
| 25:41 | Build | Farm |
| 25:55 | Create | Villager (Male) |
| 25:55 | Create | Villager (Male) |
| 25:56 | Create | Villager (Male) |
| 25:56 | Create | Villager (Male) |
| 25:56 | Create | Villager (Male) |
| 25:56 | Create | Villager (Male) |
| 25:56 | Create | Villager (Male) |
Build order — Kuo_Lo
First 150 of 360 actions detected
| 0:07 | Build | House |
| 0:08 | Build | House |
| 0:10 | Build | House |
| 0:11 | Create | Villager (Male) |
| 0:11 | Create | Villager (Male) |
| 0:18 | Create | Villager (Male) |
| 0:18 | Create | Villager (Male) |
| 2:15 | Create | Villager (Male) |
| 2:17 | Create | Villager (Male) |
| 2:49 | Create | Villager (Male) |
| 2:49 | Create | Villager (Male) |
| 3:12 | Create | Villager (Male) |
| 3:47 | Create | Villager (Male) |
| 3:47 | Create | Villager (Male) |
| 4:00 | Create | Villager (Male) |
| 4:34 | Create | Villager (Male) |
| 4:34 | Create | Villager (Male) |
| 5:02 | Create | Villager (Male) |
| 5:18 | Build | Lumber Camp |
| 5:24 | Create | Villager (Male) |
| 5:24 | Create | Villager (Male) |
| 5:25 | Create | Villager (Male) |
| 5:59 | Build | House |
| 6:14 | Create | Villager (Male) |
| 6:25 | Create | Villager (Male) |
| 6:37 | Build | Mill |
| 7:39 | Create | Villager (Male) |
| 7:40 | Create | Villager (Male) |
| 7:41 | Create | Villager (Male) |
| 8:38 | Build | House |
| 9:04 | Research | Feudal Age |
| 9:16 | Build | Mining Camp |
| 9:57 | Build | Mining Camp |
| 10:18 | Create | Villager (Male) |
| 10:18 | Create | Villager (Male) |
| 11:30 | Age | Feudal Age |
| 11:39 | Build | Market |
| 11:52 | Build | Blacksmith |
| 11:56 | Research | Double-Bit Axe |
| 11:58 | Research | Horse Collar |
| 12:09 | Create | Villager (Male) |
| 12:10 | Create | Villager (Male) |
| 12:17 | Research | Gold Mining |
| 12:18 | Research | Stone Mining |
| 12:45 | Create | Villager (Male) |
| 12:53 | Create | Villager (Male) |
| 13:16 | Build | Stone Wall |
| 13:40 | Build | House |
| 13:56 | Build | Farm |
| 13:57 | Build | Farm |
| 13:58 | Build | Farm |
| 14:10 | Build | Farm |
| 14:11 | Build | Farm |
| 14:24 | Build | Farm |
| 14:43 | Build | Market |
| 15:15 | Create | Villager (Male) |
| 15:15 | Create | Villager (Male) |
| 15:35 | Build | Farm |
| 15:36 | Build | Farm |
| 16:05 | Build | Stone Wall |
| 16:24 | Build | Stone Wall |
| 16:39 | Build | Stone Wall |
| 16:47 | Build | Stone Wall |
| 16:55 | Build | Stone Wall |
| 17:03 | Create | Villager (Male) |
| 17:03 | Create | Villager (Male) |
| 17:12 | Build | Farm |
| 17:12 | Build | Farm |
| 17:13 | Build | Farm |
| 17:13 | Build | Farm |
| 17:15 | Build | Farm |
| 17:26 | Build | Market |
| 17:44 | Build | Farm |
| 17:58 | Build | House |
| 18:31 | Build | House |
| 18:33 | Build | House |
| 18:34 | Build | House |
| 18:38 | Build | House |
| 18:49 | Create | Villager (Male) |
| 19:16 | Research | Castle Age |
| 20:26 | Build | Barracks |
| 21:09 | Create | Trade Cart |
| 21:09 | Create | Trade Cart |
| 21:56 | Age | Castle Age |
| 22:11 | Build | Town Center |
| 22:15 | Build | Town Center |
| 22:23 | Build | Town Center |
| 22:32 | Research | Bow Saw |
| 22:35 | Research | Horse Collar |
| 22:42 | Create | Villager (Male) |
| 22:42 | Create | Villager (Male) |
| 23:09 | Build | Farm |
| 23:10 | Build | Farm |
| 23:27 | Build | Farm |
| 23:34 | Create | Villager (Male) |
| 23:34 | Create | Villager (Male) |
| 23:37 | Create | Villager (Male) |
| 23:38 | Create | Villager (Male) |
| 23:43 | Build | Farm |
| 23:43 | Build | Farm |
| 24:04 | Create | Villager (Male) |
| 24:04 | Create | Villager (Male) |
| 24:04 | Create | Villager (Male) |
| 24:14 | Create | Villager (Male) |
| 24:14 | Create | Villager (Male) |
| 24:35 | Create | Villager (Male) |
| 24:49 | Research | Gold Shaft Mining |
| 25:13 | Create | Villager (Male) |
| 25:13 | Create | Villager (Male) |
| 25:26 | Create | Villager (Male) |
| 25:26 | Create | Villager (Male) |
| 25:27 | Create | Villager (Male) |
| 25:36 | Build | Town Center |
| 25:40 | Create | Villager (Male) |
| 25:40 | Create | Villager (Male) |
| 26:03 | Build | Farm |
| 26:07 | Build | Farm |
| 26:13 | Build | Farm |
| 26:24 | Research | Caravan |
| 26:24 | Research | Coinage |
| 26:35 | Create | Villager (Male) |
| 26:35 | Create | Villager (Male) |
| 26:38 | Create | Villager (Male) |
| 26:38 | Create | Villager (Male) |
| 26:40 | Create | Villager (Male) |
| 26:40 | Create | Villager (Male) |
| 26:46 | Build | Farm |
| 26:46 | Build | Farm |
| 26:46 | Build | Farm |
| 26:49 | Build | Farm |
| 26:50 | Build | Farm |
| 26:50 | Build | Farm |
| 26:51 | Build | Farm |
| 27:08 | Create | Villager (Male) |
| 27:09 | Create | Villager (Male) |
| 27:11 | Create | Villager (Male) |
| 27:12 | Create | Villager (Male) |
| 27:21 | Build | House |
| 27:22 | Build | House |
| 27:22 | Build | House |
| 27:22 | Build | House |
| 27:23 | Build | House |
| 27:23 | Build | House |
| 27:24 | Build | House |
| 27:24 | Build | House |
| 27:24 | Build | House |
| 27:25 | Build | House |
| 27:25 | Build | House |
| 27:26 | Build | House |
| 27:26 | Build | House |
Build order — 老虎最厉害
First 150 of 164 actions detected
| 0:04 | Create | Villager (Male) ×4 |
| 0:04 | Create | Villager (Male) ×4 |
| 1:43 | Create | Villager (Male) |
| 1:44 | Create | Villager (Male) |
| 2:00 | Create | Villager (Male) |
| 2:00 | Create | Villager (Male) |
| 2:35 | Create | Villager (Male) |
| 2:35 | Create | Villager (Male) |
| 2:35 | Create | Villager (Male) |
| 3:00 | Create | Villager (Male) |
| 3:00 | Create | Villager (Male) |
| 3:47 | Create | Villager (Male) |
| 3:48 | Create | Villager (Male) |
| 3:48 | Create | Villager (Male) |
| 3:48 | Create | Villager (Male) |
| 5:02 | Create | Villager (Male) |
| 5:02 | Create | Villager (Male) |
| 5:03 | Create | Villager (Male) |
| 5:03 | Create | Villager (Male) |
| 5:31 | Build | Mill |
| 6:47 | Create | Villager (Male) |
| 6:47 | Create | Villager (Male) |
| 7:39 | Create | Villager (Male) |
| 7:58 | Create | Villager (Male) |
| 7:59 | Research | Loom |
| 8:02 | Create | Villager (Male) |
| 8:15 | Build | Lumber Camp |
| 8:58 | Research | Feudal Age |
| 11:05 | Create | Villager (Male) |
| 11:05 | Create | Villager (Male) |
| 11:08 | Age | Feudal Age |
| 11:11 | Research | Horse Collar |
| 11:14 | Research | Double-Bit Axe |
| 11:18 | Create | Villager (Male) |
| 11:19 | Create | Villager (Male) |
| 12:21 | Build | Farm |
| 12:22 | Build | Farm |
| 12:23 | Build | Farm |
| 12:24 | Build | Farm |
| 12:25 | Build | Farm |
| 12:26 | Build | Farm |
| 12:27 | Build | Farm |
| 12:28 | Build | Farm |
| 12:31 | Build | Farm |
| 12:32 | Build | Farm |
| 12:35 | Build | Farm |
| 12:36 | Build | Farm |
| 12:43 | Create | Villager (Male) |
| 12:43 | Create | Villager (Male) |
| 12:44 | Create | Villager (Male) |
| 13:05 | Build | Farm |
| 13:11 | Build | Farm |
| 13:16 | Create | Villager (Male) |
| 13:54 | Build | Mining Camp |
| 14:02 | Create | Villager (Male) |
| 14:02 | Create | Villager (Male) |
| 14:15 | Build | Blacksmith |
| 14:26 | Research | Gold Mining |
| 14:29 | Create | Villager (Male) |
| 14:29 | Create | Villager (Male) |
| 14:30 | Create | Villager (Male) |
| 15:36 | Build | Barracks |
| 16:04 | Research | Wheelbarrow |
| 16:34 | Build | Mining Camp |
| 16:36 | Research | Stone Mining |
| 16:57 | Build | Stable |
| 16:59 | Build | Stable |
| 17:17 | Build | Market |
| 17:49 | Create | Villager (Male) |
| 17:49 | Create | Villager (Male) |
| 17:50 | Create | Villager (Male) |
| 17:50 | Create | Villager (Male) |
| 18:40 | Research | Castle Age |
| 19:05 | Build | Stable |
| 19:43 | Research | Bloodlines |
| 19:48 | Research | Forging |
| 19:49 | Research | Scale Barding Armor |
| 20:11 | Build | Stable |
| 21:13 | Build | Farm |
| 21:19 | Create | Villager (Male) |
| 21:19 | Create | Villager (Male) |
| 21:19 | Create | Villager (Male) |
| 21:22 | Age | Castle Age |
| 21:28 | Research | Heavy Plow |
| 21:31 | Research | Bow Saw |
| 21:33 | Research | Gold Shaft Mining |
| 21:39 | Create | Knight ×2 |
| 21:39 | Create | Knight ×2 |
| 22:05 | Build | Castle |
| 22:17 | Build | Farm |
| 22:23 | Build | Farm |
| 22:29 | Create | Villager (Male) |
| 22:29 | Create | Villager (Male) |
| 22:32 | Create | Knight ×2 |
| 22:32 | Create | Knight ×2 |
| 22:55 | Research | Husbandry |
| 23:09 | Build | Farm |
| 23:19 | Build | Farm |
| 23:28 | Create | Knight ×3 |
| 23:29 | Create | Knight ×3 |
| 24:13 | Build | Mining Camp |
| 24:17 | Research | Iron Casting |
| 24:22 | Create | Villager (Male) |
| 24:22 | Create | Villager (Male) |
| 25:57 | Create | Knight ×5 |
| 25:57 | Create | Knight ×5 |
| 27:06 | Research | Chain Barding Armor |
| 28:51 | Create | Knight ×5 |
| 28:51 | Create | Knight ×5 |
| 28:51 | Create | Knight ×5 |
| 28:52 | Create | Knight |
| 30:16 | Build | Farm |
| 30:17 | Build | Farm |
| 30:17 | Build | Farm |
| 30:24 | Research | Hand Cart |
| 30:39 | Research | Caravan |
| 30:41 | Create | Trade Cart |
| 30:41 | Create | Trade Cart |
| 30:42 | Create | Trade Cart |
| 30:42 | Create | Trade Cart |
| 30:42 | Create | Trade Cart |
| 30:43 | Create | Trade Cart |
| 30:57 | Build | Market |
| 31:37 | Create | Villager (Male) |
| 32:06 | Build | Lumber Camp |
| 34:08 | Build | University |
| 34:14 | Build | Monastery |
| 34:24 | Create | Knight ×5 |
| 34:25 | Create | Knight ×5 |
| 35:24 | Research | Ballistics |
| 35:27 | Research | Masonry |
| 35:30 | Create | Knight ×5 |
| 35:47 | Research | Imperial Age |
| 36:05 | Create | Trade Cart ×3 |
| 36:06 | Create | Trade Cart ×3 |
| 36:39 | Create | Knight |
| 36:39 | Create | Knight |
| 36:53 | Create | Knight ×5 |
| 36:53 | Create | Knight ×5 |
| 37:48 | Create | Trade Cart |
| 37:49 | Create | Trade Cart |
| 37:51 | Create | Trade Cart |
| 37:51 | Create | Trade Cart |
| 37:51 | Create | Trade Cart |
| 37:52 | Create | Trade Cart |
| 37:59 | Create | Knight ×5 |
| 38:57 | Age | Imperial Age |
| 38:58 | Research | Cavalier (upgrade) |
| 39:01 | Research | Plate Barding Armor |
| 39:02 | Research | Blast Furnace |
Build order — yenepu
First 150 of 221 actions detected
| 0:04 | Create | Villager (Male) ×4 |
| 0:09 | Build | House |
| 0:10 | Build | House |
| 0:58 | Build | House |
| 1:17 | Build | House |
| 1:19 | Build | House |
| 1:58 | Create | Villager (Male) |
| 1:58 | Create | Villager (Male) |
| 2:18 | Build | House |
| 2:44 | Create | Villager (Male) |
| 2:45 | Create | Villager (Male) |
| 3:12 | Build | House |
| 3:19 | Create | Villager (Male) |
| 3:20 | Create | Villager (Male) |
| 3:20 | Create | Villager (Male) |
| 3:58 | Research | Loom |
| 4:01 | Create | Villager (Male) |
| 4:01 | Create | Villager (Male) |
| 4:01 | Create | Villager (Male) |
| 4:02 | Create | Villager (Male) |
| 4:02 | Create | Villager (Male) |
| 4:25 | Create | Villager (Male) |
| 4:25 | Create | Villager (Male) |
| 5:14 | Create | Villager (Male) |
| 5:14 | Create | Villager (Male) |
| 5:15 | Create | Villager (Male) |
| 5:15 | Create | Villager (Male) |
| 5:53 | Create | Villager (Male) |
| 5:53 | Create | Villager (Male) |
| 5:53 | Create | Villager (Male) |
| 5:54 | Create | Villager (Male) |
| 6:09 | Create | Villager (Male) |
| 6:10 | Create | Villager (Male) |
| 6:43 | Build | Lumber Camp |
| 7:03 | Create | Villager (Male) |
| 7:04 | Create | Villager (Male) |
| 7:05 | Create | Villager (Male) |
| 7:05 | Create | Villager (Male) |
| 8:39 | Build | Mill |
| 10:00 | Build | House |
| 10:02 | Build | House |
| 10:05 | Build | House |
| 10:10 | Build | House |
| 10:42 | Research | Feudal Age |
| 12:49 | Build | House |
| 12:50 | Build | House |
| 13:04 | Create | Villager (Male) ×5 |
| 13:30 | Build | Market |
| 13:43 | Build | Mining Camp |
| 14:00 | Build | Farm |
| 14:01 | Build | Farm |
| 14:03 | Build | Farm |
| 14:04 | Build | Farm |
| 14:07 | Build | Farm |
| 14:09 | Build | Farm |
| 14:10 | Build | Farm |
| 14:16 | Build | Farm |
| 14:19 | Build | Farm |
| 14:20 | Build | Farm |
| 14:22 | Build | Farm |
| 14:23 | Build | Farm |
| 14:25 | Build | Farm |
| 14:28 | Build | Farm |
| 14:29 | Build | Farm |
| 15:05 | Create | Villager (Male) |
| 15:05 | Create | Villager (Male) |
| 15:06 | Create | Villager (Male) |
| 15:41 | Build | Blacksmith |
| 15:52 | Build | House |
| 15:53 | Build | House |
| 15:54 | Build | House |
| 15:55 | Build | House |
| 16:18 | Create | Villager (Male) ×5 |
| 16:37 | Build | Lumber Camp |
| 17:16 | Build | Stone Wall |
| 17:51 | Research | Horse Collar |
| 17:54 | Research | Double-Bit Axe |
| 18:31 | Create | Villager (Male) ×5 |
| 19:42 | Build | Mining Camp |
| 19:54 | Research | Castle Age |
| 20:29 | Build | Gate |
| 20:43 | Build | Stone Wall |
| 20:54 | Create | Trade Cart ×5 |
| 21:38 | Research | Gold Mining |
| 21:41 | Research | Stone Mining |
| 21:44 | Research | Wheelbarrow |
| 22:22 | Create | Villager (Male) ×5 |
| 23:32 | Build | Monastery |
| 23:52 | Build | Town Center |
| 24:08 | Build | Town Center |
| 24:14 | Build | Mining Camp |
| 24:24 | Create | Monk ×5 |
| 24:26 | Research | Fervor |
| 24:50 | Build | Stone Wall |
| 25:13 | Research | Heavy Plow |
| 25:17 | Research | Bow Saw |
| 25:52 | Research | Stone Shaft Mining |
| 26:07 | Build | Farm |
| 26:08 | Build | Farm |
| 26:09 | Build | Farm |
| 26:13 | Build | Farm |
| 26:15 | Create | Villager (Male) |
| 26:15 | Create | Villager (Male) |
| 26:16 | Create | Villager (Male) |
| 26:34 | Create | Monk |
| 26:34 | Create | Monk |
| 26:42 | Create | Villager (Male) ×5 |
| 26:42 | Create | Villager (Male) ×5 |
| 26:54 | Build | Lumber Camp |
| 27:30 | Build | Farm |
| 27:33 | Build | Farm |
| 27:34 | Build | Farm |
| 27:35 | Build | Farm |
| 27:38 | Build | Farm |
| 27:42 | Create | Villager (Male) ×5 |
| 28:28 | Build | Gate |
| 28:43 | Research | Caravan |
| 28:43 | Create | Trade Cart ×5 |
| 29:40 | Research | Hand Cart |
| 29:47 | Create | Villager (Male) ×5 |
| 29:50 | Create | Villager (Male) ×5 |
| 30:49 | Build | House |
| 30:50 | Build | House |
| 30:51 | Build | House |
| 30:52 | Build | House |
| 30:53 | Build | House |
| 30:54 | Build | House |
| 30:55 | Build | House |
| 30:59 | Build | House |
| 31:00 | Build | House |
| 31:01 | Build | House |
| 31:04 | Build | House |
| 31:05 | Build | House |
| 31:06 | Build | House |
| 31:08 | Build | House |
| 31:09 | Build | House |
| 31:11 | Build | House |
| 31:13 | Build | House |
| 31:15 | Build | House |
| 31:40 | Research | Sanctity |
| 32:13 | Build | Barracks |
| 32:21 | Build | Castle |
| 32:35 | Build | Barracks |
| 33:10 | Create | Trade Cart ×5 |
| 33:10 | Create | Trade Cart ×5 |
| 34:04 | Build | University |
| 34:58 | Research | Fletching |
| 34:59 | Research | Padded Archer Armor |
| 35:04 | Research | Imperial Age |
| 35:49 | Research | Treadmill Crane |
Build order — 阿提拉
First 150 of 215 actions detected
| 0:09 | Create | Villager (Male) |
| 0:09 | Create | Villager (Male) |
| 0:09 | Create | Villager (Male) |
| 0:10 | Create | Villager (Male) |
| 0:14 | Build | House |
| 0:18 | Build | House |
| 2:10 | Build | Lumber Camp |
| 2:14 | Create | Villager (Male) |
| 2:15 | Create | Villager (Male) |
| 2:15 | Create | Villager (Male) |
| 3:10 | Create | Villager (Male) ×3 |
| 4:00 | Create | Villager (Male) |
| 4:00 | Create | Villager (Male) |
| 4:34 | Build | Mill |
| 4:40 | Build | House |
| 4:54 | Build | Mill |
| 5:06 | Create | Villager (Male) |
| 5:06 | Create | Villager (Male) |
| 5:06 | Create | Villager (Male) |
| 5:33 | Build | House |
| 5:44 | Create | Villager (Male) |
| 5:44 | Create | Villager (Male) |
| 5:45 | Create | Villager (Male) |
| 7:31 | Create | Villager (Male) ×5 |
| 8:03 | Build | Mining Camp |
| 9:25 | Create | Villager (Male) |
| 9:30 | Create | Villager (Male) |
| 10:06 | Research | Feudal Age |
| 10:29 | Build | Farm |
| 10:36 | Build | Farm |
| 10:42 | Build | Farm |
| 11:01 | Build | House |
| 11:21 | Create | Villager (Male) |
| 11:22 | Create | Villager (Male) |
| 11:44 | Build | Farm |
| 11:47 | Build | Farm |
| 11:50 | Build | Farm |
| 12:08 | Build | Farm |
| 12:16 | Build | Farm |
| 12:18 | Build | Farm |
| 12:36 | Age | Feudal Age |
| 12:49 | Build | Market |
| 12:59 | Build | Blacksmith |
| 13:58 | Build | Farm |
| 13:59 | Build | Farm |
| 14:51 | Research | Castle Age |
| 15:00 | Research | Horse Collar |
| 15:31 | Build | House |
| 15:37 | Build | House |
| 15:39 | Build | House |
| 15:41 | Build | House |
| 15:56 | Create | Villager (Male) |
| 15:57 | Create | Villager (Male) |
| 16:21 | Research | Double-Bit Axe |
| 16:27 | Research | Gold Mining |
| 17:08 | Build | Farm |
| 17:09 | Build | Farm |
| 17:22 | Build | Farm |
| 17:23 | Build | Farm |
| 17:31 | Age | Castle Age |
| 17:58 | Build | Town Center |
| 19:08 | Create | Villager (Male) |
| 19:09 | Create | Villager (Male) |
| 19:09 | Create | Villager (Male) |
| 19:10 | Create | Villager (Male) |
| 19:10 | Create | Villager (Male) |
| 19:11 | Create | Villager (Male) |
| 19:11 | Create | Villager (Male) |
| 19:15 | Create | Villager (Male) |
| 19:16 | Create | Villager (Male) |
| 19:16 | Create | Villager (Male) |
| 19:16 | Create | Villager (Male) |
| 19:17 | Create | Villager (Male) |
| 19:17 | Create | Villager (Male) |
| 19:31 | Build | Town Center |
| 19:58 | Research | Bow Saw |
| 20:17 | Create | Villager (Male) ×2 |
| 20:23 | Create | Villager (Male) ×5 |
| 20:34 | Create | Villager (Male) ×3 |
| 21:22 | Build | Farm |
| 22:19 | Build | Farm |
| 22:27 | Create | Villager (Male) ×5 |
| 22:37 | Build | Farm |
| 22:38 | Build | Farm |
| 22:39 | Build | Farm |
| 22:40 | Build | Farm |
| 22:50 | Create | Villager (Male) |
| 22:50 | Create | Villager (Male) |
| 22:57 | Create | Villager (Male) |
| 22:58 | Create | Villager (Male) |
| 22:58 | Create | Villager (Male) |
| 22:58 | Create | Villager (Male) |
| 23:02 | Research | Wheelbarrow |
| 23:07 | Create | Villager (Male) |
| 23:07 | Create | Villager (Male) |
| 23:27 | Research | Heavy Plow |
| 23:27 | Research | Heavy Plow |
| 23:41 | Build | Farm |
| 23:53 | Create | Trade Cart |
| 24:29 | Build | Farm |
| 24:30 | Build | Farm |
| 24:32 | Build | Farm |
| 24:33 | Build | Farm |
| 24:37 | Create | Villager (Male) |
| 24:38 | Create | Villager (Male) |
| 24:49 | Create | Villager (Male) ×5 |
| 24:50 | Create | Villager (Male) ×5 |
| 25:03 | Create | Villager (Male) ×4 |
| 25:03 | Create | Villager (Male) ×4 |
| 25:25 | Create | Villager (Male) |
| 25:26 | Create | Villager (Male) |
| 25:41 | Build | House |
| 25:44 | Build | House |
| 25:56 | Build | House |
| 28:18 | Build | Castle |
| 29:59 | Research | Hand Cart |
| 30:01 | Create | Villager (Male) |
| 30:01 | Create | Villager (Male) |
| 30:01 | Create | Villager (Male) |
| 30:02 | Create | Villager (Male) |
| 30:08 | Create | Villager (Male) |
| 30:08 | Create | Villager (Male) |
| 30:08 | Create | Villager (Male) |
| 30:08 | Create | Villager (Male) |
| 30:09 | Create | Villager (Male) |
| 30:09 | Create | Villager (Male) |
| 30:09 | Create | Villager (Male) |
| 30:09 | Create | Villager (Male) |
| 30:58 | Create | Janissary ×5 |
| 30:59 | Create | Janissary ×5 |
| 30:59 | Create | Janissary ×3 |
| 31:07 | Build | Farm |
| 31:17 | Build | Farm |
| 31:24 | Build | Farm |
| 31:25 | Build | Farm |
| 32:07 | Build | Farm |
| 32:35 | Build | Mill |
| 32:40 | Build | Farm |
| 32:41 | Build | Farm |
| 32:43 | Build | Farm |
| 32:45 | Build | Farm |
| 33:06 | Create | Villager (Male) |
| 33:07 | Create | Villager (Male) |
| 33:07 | Create | Villager (Male) |
| 33:09 | Create | Villager (Male) |
| 33:10 | Create | Villager (Male) |
| 33:16 | Create | Villager (Male) |
| 33:16 | Create | Villager (Male) |
| 33:16 | Create | Villager (Male) |
| 33:17 | Create | Villager (Male) |
Build order — razerguy_1337
First 150 of 186 actions detected
| 0:03 | Create | Villager (Male) |
| 0:03 | Create | Villager (Male) |
| 0:03 | Create | Villager (Male) |
| 0:04 | Create | Villager (Male) |
| 0:06 | Build | House |
| 0:08 | Build | House |
| 1:47 | Create | Villager (Male) |
| 1:52 | Build | Lumber Camp |
| 1:53 | Create | Villager (Male) |
| 2:32 | Create | Villager (Male) |
| 3:02 | Create | Villager (Male) |
| 3:03 | Create | Villager (Male) |
| 3:07 | Build | House |
| 3:54 | Create | Villager (Male) |
| 4:09 | Create | Villager (Male) |
| 5:32 | Create | Villager (Male) |
| 5:33 | Create | Villager (Male) |
| 6:01 | Build | Mill |
| 6:27 | Create | Villager (Male) |
| 6:59 | Create | Villager (Male) |
| 7:00 | Research | Loom |
| 7:37 | Create | Villager (Male) |
| 8:16 | Build | House |
| 8:26 | Build | House |
| 8:53 | Research | Feudal Age |
| 8:59 | Build | Mining Camp |
| 9:02 | Create | Villager (Male) |
| 9:15 | Build | Mining Camp |
| 10:18 | Build | House |
| 10:47 | Create | Villager (Male) |
| 11:03 | Age | Feudal Age |
| 11:05 | Build | Blacksmith |
| 11:06 | Build | Market |
| 11:11 | Research | Double-Bit Axe |
| 11:12 | Research | Horse Collar |
| 11:42 | Build | Farm |
| 11:45 | Create | Villager (Male) |
| 11:56 | Build | Farm |
| 12:22 | Build | Farm |
| 12:26 | Create | Villager (Male) |
| 12:49 | Create | Villager (Male) |
| 12:54 | Build | Barracks |
| 13:01 | Create | Villager (Male) |
| 13:02 | Create | Villager (Male) |
| 14:02 | Build | Mining Camp |
| 14:03 | Create | Villager (Male) |
| 14:21 | Create | Villager (Male) |
| 14:39 | Build | Farm |
| 14:44 | Research | Castle Age |
| 15:33 | Build | Farm |
| 16:58 | Build | Market |
| 17:36 | Age | Castle Age |
| 17:42 | Build | Town Center |
| 17:48 | Create | Villager (Male) |
| 17:49 | Create | Villager (Male) |
| 17:50 | Create | Villager (Male) |
| 17:52 | Create | Villager (Male) |
| 18:01 | Build | Town Center |
| 18:04 | Create | Villager (Male) |
| 18:04 | Create | Villager (Male) |
| 18:04 | Create | Villager (Male) |
| 18:27 | Research | Bow Saw |
| 18:57 | Build | Lumber Camp |
| 19:21 | Create | Villager (Male) |
| 19:21 | Create | Villager (Male) |
| 19:23 | Create | Villager (Male) |
| 19:28 | Build | Farm |
| 19:29 | Build | Farm |
| 20:03 | Build | Farm |
| 20:46 | Build | Farm |
| 20:50 | Build | Farm |
| 20:52 | Build | Farm |
| 21:04 | Build | House |
| 21:05 | Build | House |
| 21:06 | Build | House |
| 21:15 | Create | Villager (Male) |
| 21:16 | Create | Villager (Male) |
| 21:16 | Create | Villager (Male) |
| 21:16 | Create | Villager (Male) |
| 21:31 | Build | Farm |
| 21:33 | Build | Farm |
| 21:46 | Build | Farm |
| 21:56 | Create | Villager (Male) |
| 21:56 | Create | Villager (Male) |
| 21:56 | Create | Villager (Male) |
| 21:57 | Create | Villager (Male) |
| 22:25 | Create | Villager (Male) |
| 22:25 | Create | Villager (Male) |
| 22:36 | Build | Farm |
| 22:42 | Build | Farm |
| 23:11 | Research | Heavy Plow |
| 23:39 | Build | Castle |
| 23:47 | Research | Wheelbarrow |
| 24:12 | Research | Caravan |
| 24:38 | Build | House |
| 24:39 | Build | House |
| 24:49 | Build | Monastery |
| 24:52 | Build | University |
| 25:08 | Research | Fletching |
| 25:34 | Build | Lumber Camp |
| 26:13 | Research | Bodkin Arrow |
| 26:28 | Build | Archery Range |
| 26:29 | Build | Archery Range |
| 26:31 | Build | Archery Range |
| 26:48 | Research | Ballistics |
| 26:55 | Research | Imperial Age |
| 27:09 | Create | Monk |
| 27:27 | Build | Lumber Camp |
| 27:33 | Create | Villager (Male) |
| 27:33 | Create | Villager (Male) |
| 27:34 | Create | Villager (Male) |
| 27:39 | Build | Farm |
| 27:48 | Build | Farm |
| 27:52 | Build | Farm |
| 28:27 | Research | Masonry |
| 28:27 | Research | Murder Holes |
| 28:29 | Create | Villager (Male) |
| 28:29 | Create | Villager (Male) |
| 28:29 | Create | Villager (Male) |
| 28:38 | Build | Market |
| 29:04 | Research | Silk Road |
| 29:20 | Build | Farm |
| 29:23 | Build | Farm |
| 30:05 | Age | Imperial Age |
| 30:16 | Research | Caravan |
| 30:24 | Create | Trade Cart |
| 30:25 | Create | Trade Cart |
| 30:26 | Create | Trade Cart |
| 30:26 | Create | Trade Cart |
| 30:33 | Research | Hand Cart |
| 30:39 | Build | Farm |
| 31:04 | Build | House |
| 31:15 | Build | Stable |
| 31:30 | Build | Archery Range |
| 31:43 | Research | Padded Archer Armor |
| 32:05 | Build | Mining Camp |
| 32:08 | Create | Trade Cart |
| 32:08 | Create | Trade Cart |
| 32:18 | Research | Crossbowman (upgrade) |
| 32:18 | Research | Thumb Ring |
| 32:56 | Build | Castle |
| 33:47 | Create | Trade Cart |
| 33:48 | Create | Trade Cart |
| 34:20 | Research | Elite Genoese Crossbowman (upgrade) |
| 35:46 | Research | Town Watch |
| 36:25 | Research | Conscription |
| 36:49 | Build | Castle |
| 37:11 | Research | Chemistry |
| 37:34 | Build | House |
| 37:48 | Build | Archery Range |
Build order — 斯大林
First 150 of 168 actions detected
| 0:01 | Create | Villager (Male) |
| 0:01 | Create | Villager (Male) |
| 0:01 | Create | Villager (Male) |
| 0:03 | Build | House |
| 0:07 | Build | House |
| 0:22 | Create | Villager (Male) |
| 1:25 | Create | Villager (Male) |
| 1:26 | Create | Villager (Male) |
| 1:58 | Create | Villager (Male) |
| 1:58 | Create | Villager (Male) |
| 2:04 | Build | Lumber Camp |
| 2:38 | Create | Villager (Male) |
| 2:43 | Build | House |
| 3:02 | Create | Villager (Male) |
| 3:02 | Create | Villager (Male) |
| 4:04 | Create | Villager (Male) |
| 4:04 | Create | Villager (Male) |
| 4:21 | Build | Mill |
| 4:54 | Create | Villager (Male) |
| 4:54 | Create | Villager (Male) |
| 5:28 | Create | Villager (Male) |
| 5:29 | Create | Villager (Male) |
| 5:29 | Create | Villager (Male) |
| 6:10 | Create | Villager (Male) |
| 6:55 | Build | House |
| 7:24 | Create | Villager (Male) |
| 7:25 | Create | Villager (Male) |
| 7:51 | Research | Feudal Age |
| 9:36 | Create | Villager (Male) |
| 9:36 | Create | Villager (Male) |
| 10:01 | Age | Feudal Age |
| 10:03 | Build | Town Center |
| 10:09 | Research | Double-Bit Axe |
| 10:11 | Research | Horse Collar |
| 10:35 | Create | Villager (Male) |
| 10:54 | Create | Villager (Male) |
| 11:12 | Create | Villager (Male) |
| 11:42 | Create | Villager (Male) |
| 11:43 | Create | Villager (Male) |
| 11:51 | Create | Villager (Male) |
| 12:05 | Create | Villager (Male) |
| 12:06 | Create | Villager (Male) |
| 12:09 | Build | Farm |
| 12:12 | Create | Villager (Male) |
| 12:14 | Build | Farm |
| 12:16 | Build | Farm |
| 12:23 | Build | Farm |
| 12:24 | Create | Villager (Male) |
| 12:24 | Create | Villager (Male) |
| 12:38 | Build | Lumber Camp |
| 12:41 | Build | Farm |
| 12:56 | Build | House |
| 13:19 | Create | Villager (Male) |
| 13:27 | Build | House |
| 13:28 | Build | House |
| 13:30 | Create | Villager (Male) |
| 13:38 | Create | Villager (Male) |
| 13:44 | Build | Farm |
| 13:45 | Build | Farm |
| 13:48 | Build | Farm |
| 13:54 | Build | Farm |
| 13:57 | Create | Villager (Male) |
| 13:57 | Create | Villager (Male) |
| 14:02 | Build | Farm |
| 14:06 | Build | House |
| 14:07 | Build | House |
| 14:11 | Create | Villager (Male) |
| 14:11 | Create | Villager (Male) |
| 14:24 | Build | Farm |
| 14:30 | Build | Farm |
| 14:36 | Build | Farm |
| 14:36 | Create | Villager (Male) |
| 14:37 | Create | Villager (Male) |
| 14:55 | Build | House |
| 14:56 | Build | House |
| 14:59 | Create | Villager (Male) |
| 14:59 | Create | Villager (Male) |
| 15:14 | Build | Farm |
| 15:18 | Build | Farm |
| 15:19 | Create | Villager (Male) |
| 15:19 | Create | Villager (Male) |
| 15:25 | Create | Villager (Male) |
| 15:29 | Build | Mill |
| 15:31 | Build | Farm |
| 15:34 | Build | Farm |
| 15:39 | Build | Farm |
| 15:39 | Create | Villager (Male) |
| 15:40 | Create | Villager (Male) |
| 15:46 | Build | Farm |
| 15:47 | Build | Farm |
| 15:56 | Build | Farm |
| 16:06 | Build | Farm |
| 16:07 | Create | Villager (Male) |
| 16:07 | Create | Villager (Male) |
| 16:07 | Create | Villager (Male) |
| 16:12 | Create | Villager (Male) |
| 16:22 | Build | Mill |
| 16:23 | Build | Farm |
| 16:29 | Build | House |
| 16:31 | Build | House |
| 16:33 | Create | Villager (Male) |
| 16:33 | Create | Villager (Male) |
| 16:40 | Create | Villager (Male) |
| 16:40 | Create | Villager (Male) |
| 16:52 | Create | Villager (Male) |
| 16:59 | Build | Mining Camp |
| 17:07 | Build | Mining Camp |
| 17:31 | Create | Villager (Male) |
| 17:31 | Create | Villager (Male) |
| 17:43 | Create | Villager (Male) |
| 17:43 | Create | Villager (Male) |
| 17:59 | Build | House |
| 18:00 | Build | House |
| 18:01 | Build | House |
| 18:05 | Create | Villager (Male) |
| 18:18 | Create | Villager (Male) |
| 18:25 | Research | Gold Mining |
| 18:26 | Research | Stone Mining |
| 18:48 | Build | Market |
| 18:58 | Build | Blacksmith |
| 19:04 | Create | Villager (Male) |
| 19:04 | Create | Villager (Male) |
| 19:05 | Create | Villager (Male) |
| 19:20 | Create | Villager (Male) |
| 19:31 | Create | Villager (Male) |
| 19:53 | Build | Mill |
| 19:55 | Build | Farm |
| 19:56 | Build | Farm |
| 19:58 | Build | Farm |
| 20:00 | Build | Farm |
| 20:02 | Build | Farm |
| 20:02 | Build | Farm |
| 20:08 | Build | House |
| 20:09 | Build | House |
| 20:18 | Research | Castle Age |
| 20:19 | Research | Castle Age |
| 20:36 | Build | Farm |
| 21:09 | Build | House |
| 21:11 | Build | House |
| 21:11 | Build | House |
| 21:12 | Create | Villager (Male) |
| 21:12 | Create | Villager (Male) |
| 21:12 | Create | Villager (Male) |
| 21:12 | Create | Villager (Male) |
| 21:13 | Create | Villager (Male) |
| 21:39 | Build | Barracks |
| 21:50 | Build | Barracks |
| 21:57 | Create | Villager (Male) |
| 21:57 | Create | Villager (Male) |
| 22:05 | Research | Wheelbarrow |
Match timeline
| 10:01 | 斯大林 · age_up feudal |
| 10:52 | XxjesulizxX · age_up feudal |
| 11:03 | razerguy_1337 · age_up feudal |
| 11:04 | laodiao-9527 · age_up feudal |
| 11:08 | 老虎最厉害 · age_up feudal |
| 11:30 | Kuo_Lo · age_up feudal |
| 12:36 | 阿提拉 · age_up feudal |
| 12:37 | XxjesulizxX · first_building Barracks |
| 12:54 | razerguy_1337 · first_building Barracks |
| 13:16 | Kuo_Lo · wall_segment Stone Wall x14 |
| 13:25 | XxjesulizxX · wall_segment Stone Wall x7 |
| 15:27 | XxjesulizxX · wall_segment Stone Wall x16 |
| 15:36 | 老虎最厉害 · first_building Barracks |
| 16:01 | laodiao-9527 · first_building Barracks |
| 16:05 | Kuo_Lo · wall_segment Stone Wall x4 |
| 16:24 | Kuo_Lo · wall_segment Stone Wall x1 |
| 16:39 | Kuo_Lo · wall_segment Stone Wall x23 |
| 16:42 | XxjesulizxX · wall_segment Stone Wall x17 |
| 16:47 | Kuo_Lo · wall_segment Stone Wall x11 |
| 16:55 | Kuo_Lo · wall_segment Stone Wall x6 |
| 16:57 | 老虎最厉害 · first_building Stable |
| 17:16 | yenepu · wall_segment Stone Wall x7 |
| 17:31 | 阿提拉 · age_up castle |
| 17:36 | razerguy_1337 · age_up castle |
| 18:03 | laodiao-9527 · first_building Stable |
| 18:17 | XxjesulizxX · wall_segment Stone Wall x20 |
| 18:27 | XxjesulizxX · first_market_sell 100 food |
| 18:29 | XxjesulizxX · first_market_buy 100 stone |
| 18:39 | XxjesulizxX · wall_segment Stone Wall x10 |
| 20:00 | XxjesulizxX · age_up castle |
| 20:26 | Kuo_Lo · first_building Barracks |
| 20:43 | yenepu · wall_segment Stone Wall x12 |
| 21:22 | 老虎最厉害 · age_up castle |
| 21:39 | 斯大林 · first_building Barracks |
| 21:49 | laodiao-9527 · age_up castle |
| 21:56 | Kuo_Lo · age_up castle |
| 22:05 | 老虎最厉害 · first_building Castle |
| 22:32 | laodiao-9527 · first_building Castle |
| 22:58 | 斯大林 · age_up castle |
| 23:02 | 斯大林 · first_building Castle |
| 23:25 | razerguy_1337 · first_market_buy 100 stone |
| 23:32 | yenepu · first_building Monastery |
| 23:39 | razerguy_1337 · first_building Castle |
| 23:58 | 斯大林 · wall_segment Palisade Wall x50 |
| 24:18 | laodiao-9527 · first_building Monastery |
| 24:49 | razerguy_1337 · first_building Monastery |
| 24:50 | yenepu · wall_segment Stone Wall x6 |
| 25:40 | 斯大林 · resign |
| 25:41 | laodiao-9527 · wall_segment Stone Wall x21 |
| 26:28 | razerguy_1337 · first_building Archery Range |
| 27:28 | laodiao-9527 · wall_segment Stone Wall x5 |
| 28:18 | 阿提拉 · first_building Castle |
| 28:34 | Kuo_Lo · first_building Castle |
| 30:05 | razerguy_1337 · age_up imperial |
| 30:15 | razerguy_1337 · first_market_sell 100 food |
| 31:04 | Kuo_Lo · first_building Monastery |
| 31:14 | XxjesulizxX · first_building Monastery |
| 31:15 | razerguy_1337 · first_building Stable |
| 31:22 | XxjesulizxX · first_building Castle |
| 32:13 | yenepu · first_building Barracks |
| 32:21 | yenepu · first_building Castle |
| 32:43 | XxjesulizxX · first_building Stable |
| 34:14 | 老虎最厉害 · first_building Monastery |
| 34:18 | laodiao-9527 · wall_segment Stone Wall x14 |
| 36:16 | XxjesulizxX · age_up imperial |
| 36:46 | 老虎最厉害 · first_market_sell 100 wood |
| 36:46 | yenepu · first_building Archery Range |
| 36:56 | yenepu · first_building Siege Workshop |
| 38:08 | Kuo_Lo · age_up imperial |
| 38:57 | 老虎最厉害 · age_up imperial |
| 41:26 | laodiao-9527 · age_up imperial |
[ AI ANALYSIS · 1 CREDIT ]
What really happened in this match?
Wolo.gg analyzes every decision: build order, eco, micro, common mistakes by bracket. Personalized analysis on WhatsApp or Discord in 30 seconds.
Civ guide
Huns
Perfil
Jugador #19462789